 Dungeon Crawl Stone Soup version 0.21-a0-193-g085b6a0 (webtiles) character file.

13216 MackTheKnife the Grappler (level 12, -2/84 HPs)
             Began as an Octopode Fighter on Aug 14, 2017.
             Was a High Priest of Cheibriados.
             Slain by a yak (9 damage)
             ... on level 1 of the Lair of Beasts.
             The game lasted 00:16:50 (13728 turns).

MackTheKnife the Grappler (Octopode Fighter)       Turns: 13728, Time: 00:16:51

Health: -2/84      AC:  1    Str: 33    XL:     12   Next: 3%
Magic:  16/19      EV: 14    Int: 27    God:    Cheibriados [*****.]
Gold:   599        SH: 14    Dex: 25    Spells: 18/21 levels left

rFire    . . .     SeeInvis .     - Unarmed
rCold    + . .     Gourm    +   a - +0 shield
rNeg     . . .     Faith    .   (helmet restricted)
rPois    .         Spirit   .   w - amulet of the gourmand {Gourm, !d}
rElec    .         Reflect  .   v - +2 ring of intelligence
rCorr    .         Harm     .   u - +2 ring of intelligence
MR       .....                  D - ring of protection from cold {rC+, !d}
Stlth    +++.......             (no ring)
HPRegen  0.24/turn              (no ring)
MPRegen  0.16/turn              (no ring)
                                (no ring)
                                (no ring)

@: very slightly contaminated, invisible, very slow
A: almost no armour, stealthy swim, amphibious, 8 rings, constrict 8, camouflage
1, gelatinous body 1
a: Bend Time, Temporal Distortion, Slouch, Step From Time, Renounce Religion


You were on level 1 of the Lair of Beasts.
You worshipped Cheibriados.
Cheibriados was extremely pleased with you.
You were not hungry.

You visited 4 branches of the dungeon, and saw 13 of its levels.

You collected 599 gold pieces.

Inventory:

Hand Weapons
 y - a +2 flail of holy wrath
   (You took it off an orc on level 10 of the Dungeon)
Missiles
 m - a throwing net {=f, !d}
Armour
 a - a +0 shield (worn)
Jewellery
 u - a +2 ring of intelligence (right tentacle)
   (You found it on level 6 of the Dungeon)
 v - a +2 ring of intelligence (left tentacle)
   (You found it on level 6 of the Dungeon)
 w - an amulet of the gourmand (around mantle) {Gourm, !d}
   (You found it on level 8 of the Dungeon)
 D - a ring of protection from cold (on tentacle) {rC+, !d}
   (You found it on level 10 of the Dungeon)
Wands
 o - a wand of iceblast (0/15)
   (You found it on level 8 of the Dungeon)
 A - a wand of enslavement (0/24)
   (You found it on level 9 of the Dungeon)
Scrolls
 d - 3 scrolls of fog
 e - a scroll of magic mapping {!r}
 f - 4 scrolls of amnesia
 h - 3 scrolls of enchant weapon
 r - a scroll of blinking {!r}
 x - a scroll of immolation {!r}
 z - a scroll of remove curse
Potions
 b - a potion of might
 k - a potion of curing
 n - a potion of invisibility
 p - 2 potions of flight
 s - a potion of experience {unknown}
 t - a potion of cancellation
 B - a potion of ambrosia
 C - a potion of magic {unknown}
Books
 l - a book of Clouds
   (You found it on level 8 of the Dungeon)
 E - a book of Cantrips
   (You found it on level 10 of the Dungeon)
Comestibles
 c - 9 bread rations {@e1}
 g - 7 meat rations {@e2}
 j - 8 royal jellies
 q - 14 fruits


   Skills:
 + Level 8.8 Fighting
 - Level 3.0 Dodging
 + Level 9.9 Shields
 + Level 12.0 Unarmed Combat
 - Level 5.1 Spellcasting
 - Level 2.3 Conjurations
 - Level 2.7 Air Magic
 - Level 4.3 Poison Magic


You had 18 spell levels left.
You knew the following spells:

 Your Spells              Type           Power        Failure   Level  Hunger
x - Mephitic Cloud        Conj/Pois/Air  ###.....     11%         3    #......


Dungeon Overview and Level Annotations

Branches:
Dungeon (10/15)            Temple (1/1) D:5            Lair (1/6) D:10
    Orc (1/2) D:10

Altars:
Ashenzari
Cheibriados
Dithmenos
Elyvilon
Fedhas
Gozag
Hepliaklqana
Kikubaaqudgha
Makhleb
Nemelex Xobeh
Okawaru
Qazlal
Ru
Sif Muna
Trog
Uskayaw
Vehumet
Wu Jian
Xom
Yredelemnul
Zin
The Shining One


Innate Abilities, Weirdness & Mutations

You cannot wear most types of armour.
You are very stealthy in the water. (Stealth+)
You are amphibious.
You can wear up to eight rings at the same time.
You can use your tentacles to constrict eight enemies at once.
Your skin changes colour to match your surroundings (Stealth+).
Your rubbery body absorbs attacks. (AC +1, EV +1)


Message History

You closely miss the yak. You squeeze the yak. You block the yak's attack.
A crocodile comes into view.
Okay, then.
Okay, then.
Aim: a yak (moderately wounded, chance to defeat MR: 46%)
The yak is charmed.
Evoking this partially-identified wand wasted a few charges.
The yak gores your yak. x2
Aim: a yak (chance to defeat MR: 46%)
The yak resists with some effort.
Evoking this partially-identified wand wasted a few charges.
Your yak gores the yak!
The yak gores your yak! x2; The yak gores your yak.
The yak gores your yak!
Your yak dies!
You bludgeon the yak! You squeeze the yak!!
You kill the yak!
Cheibriados appreciates the change of pace.
You have reached level 12!
Your experience leads to an increase in your attributes!
Your base attributes are Str 19, Int 10, Dex 12.
Increase (S)trength, (I)ntelligence, or (D)exterity?
You feel stronger.
Health restored: 84; MP restored: 19
Aim: a yak (chance to defeat MR: 46%) Nothing appears to happen.
The yak gores you!! The yak gores you! You block the yak's attack.
You take 26 damage, and have 58/84 hp.
MASSIVE DAMAGE!!
This wand has no charges.
Unknown command.
You completely miss the yak. You tentacle-slap the yak! You squeeze the yak!
The yak gores you! You block the yak's attack. x2
You take 9 damage, and have 49/84 hp.
You are too injured to fight recklessly!
You bludgeon the yak!
You kill the yak!
Cheibriados thoroughly appreciates the change of pace.
The yak gores you! The yak closely misses you.
You take 16 damage, and have 33/84 hp.
As you read the scroll of teleportation, it crumbles to dust.
You feel strangely unstable.
You block the yak's attack. x2; The yak gores you!
* * * LOW HITPOINT WARNING * * *
You take 13 damage, and have 20/84 hp.
Unknown command.
You block the yak's attack. x2
Unknown command.
The yak gores you.
* * * LOW HITPOINT WARNING * * *
You take 4 damage, and have 17/84 hp.
Unknown command.
Unknown command.
Your surroundings suddenly seem different.
A yak comes into view.
The yak bellows!
A yak comes into view.
The yak bellows!
A yak comes into view.
The yak bellows!
You block the yak's attack.
You hear an angry hiss.
You see here 23 gold pieces.
You fade into invisibility!
The yak misses you.
You are very lightly contaminated with residual magic.
You batter the yak!! You tentacle-slap the yak. The yak gores you!
* * * LOW HITPOINT WARNING * * *
A crocodile comes into view.
You take 13 damage, and have 5/84 hp.
You feel better. You block the yak's attack. The yak closely misses you.
You block the yak's attack.
You regained 8 hp, and now have 13/84 hp.
You feel better. The yak gores you!
* * * LOW HITPOINT WARNING * * *
The yak closely misses you. You block the yak's attack.
A water moccasin comes into view.
You take 3 damage, and have 10/84 hp.
You tentacle-slap the yak. The yak misses you. The yak closely misses you.
You barely miss the yak.
Your tentacle-slap misses the yak.
You squeeze the yak!
You kill the yak!
Cheibriados thoroughly appreciates the change of pace.
The yak closely misses you. You block the yak's attack.
The water moccasin hisses angrily.
You strike the helpless yak from behind!
You tentacle-slap the yak. You squeeze the yak. You block the yak's attack.
The water moccasin misses you. The yak misses you.
The flow of time bends around you.
The water moccasin resists with some effort.
The yak resists with some effort. x2; You feel slightly more hungry.
You block the water moccasin's attack. The yak gores you.
* * * LOW HITPOINT WARNING * * *
You block the yak's attack.
You take 2 damage, and have 8/84 hp.
You now have 16/19 mp.
Unknown command.
You fail to use your ability.
The water moccasin bites you.
* * * LOW HITPOINT WARNING * * *
You block the yak's attack. The yak gores you!
You die...

.. ## ######
### ..
..##....###..##
..
..P#..........#
..
...............
...
...............
....
...............
....
...............
....
.....tS@Y..P#
....
.......Y.......
....
...............
#..
....##..#....P#
.#.. ...
#P######## #...
.. ## .... .
.... .... ...


You could see 2 yaks, a water moccasin and a crocodile (wandering).

Vanquished Creatures
  A two-headed ogre (D:10)
  Pikel (D:9)
  A spiny frog (Lair:1)
  A torpor snail (Lair:1)
  The ghost of grisnicke the Vandal, a novice HaSk of Ru (D:5)
  A komodo dragon (D:10)
  A troll (Orc:1)
  A hippogriff (D:10)
  20 yaks
  A wyvern (D:8)
  4 hogs (D:7)
  A basilisk (Lair:1)
  A human (D:7)
  Grum (D:10)
  2 hungry ghosts (D:10)
  Menkaure (D:7)
  A water moccasin (D:9)
  A porcupine (Lair:1)
  4 slaves (D:9)
  2 sky beasts
  3 black bears
  3 orc warriors
  3 ice beasts
  A necrophage (D:9)
  7 ogres
  2 phantoms
  4 wolves (D:10)
  4 centaurs
  5 bullfrogs
  A wyvern zombie (D:6)
  A wyvern skeleton (D:10)
  5 scorpions
  2 troll zombies (D:10)
  10 killer bees
  4 wights (D:8)
  2 howler monkeys
  2 electric eels (D:7)
  4 crimson imps
  3 centaur zombies
  2 quasits
  A jelly (D:8)
  8 orc wizards
  A bullfrog skeleton (D:9)
  11 orc priests
  2 hounds
  Natasha (thrice) (D:4)
  5 iguanas
  10 worker ants
  A statue (D:7)
  A killer bee zombie (D:10)
  4 ogre zombies (D:10)
  A hound zombie (D:5)
  A hound skeleton (D:7)
  2 worker ant zombies
  11 adders
  A howler monkey skeleton (D:5)
  2 shadow imps
  An ooze (D:7)
  2 adder zombies
  4 adder skeletons
  2 worms
  2 dart slugs
  7 leopard geckos
  31 orcs
  2 ball pythons
  3 bats (D:1)
  7 giant cockroaches
  7 goblins
  6 hobgoblins
  7 jackals
  3 quokkas
  5 frilled lizards
  3 goblin skeletons (D:10)
  2 goblin zombies (D:10)
  A hobgoblin zombie (D:10)
  7 kobolds
  A leopard gecko skeleton (D:4)
  3 orc skeletons (D:10)
  10 orc zombies (D:10)
  A quokka skeleton (D:9)
  9 rats
306 creatures vanquished.

Vanquished Creatures (others)
  A yak (Lair:1)
1 creature vanquished.

Grand Total: 307 creatures vanquished

Notes
Turn   | Place    | Note
-------+----------+-------------------------------------------
     0 | D:1      | MackTheKnife the Octopode Fighter began the quest for the Orb.
     0 | D:1      | Reached XP level 1. HP: 16/16 MP: 1/1
   225 | D:1      | Reached XP level 2. HP: 21/21 MP: 2/2
   349 | D:1      | Reached skill level 3 in Unarmed Combat
   417 | D:1      | Reached XP level 3. HP: 18/26 MP: 3/3
   972 | D:2      | Reached skill level 4 in Unarmed Combat
  1347 | D:3      | Found a faded altar of an unknown god.
  1388 | D:3      | Found an ancient bone altar of Kikubaaqudgha.
  1388 | D:3      | Found a blossoming altar of Fedhas.
  1420 | D:3      | Reached XP level 4. HP: 31/31 MP: 4/4
  1805 | D:3      | Found a deep blue altar of Sif Muna.
  2217 | D:4      | HP: 7/31 [orc priest/divine providence (11)]
  2222 | D:4      | HP: 3/31 [orc priest/divine providence (15)]
  2223 | D:4      | Reached skill level 5 in Unarmed Combat
  2223 | D:4      | Reached XP level 5. HP: 4/36 MP: 5/5
  2355 | D:4      | Reached skill level 6 in Unarmed Combat
  2355 | D:4      | Reached XP level 6. HP: 16/42 MP: 6/6
  2617 | D:4      | Noticed Natasha
  2626 | D:4      | Killed Natasha
  2821 | D:4      | Noticed Natasha
  2844 | D:4      | Killed Natasha
  2920 | D:4      | Noticed Natasha
  2928 | D:4      | Killed Natasha
  3073 | D:4      | Reached XP level 7. HP: 30/47 MP: 7/7
  3076 | D:4      | Reached skill level 4 in Fighting
  3535 | D:4      | Found a stormy altar of Qazlal.
  3567 | D:4      | Reached skill level 7 in Unarmed Combat
  3765 | D:5      | Entered Level 5 of the Dungeon
  4001 | D:5      | Reached skill level 5 in Fighting
  4035 | D:5      | Noticed grisnicke's ghost (novice HaSk)
  4135 | D:5      | Killed grisnicke's ghost
  4135 | D:5      | Reached XP level 8. HP: 30/57 MP: 8/8
  4158 | D:5      | HP: 14/57 [poisoned by grisnicke's ghost]
  4165 | D:5      | HP: 13/57 [poisoned by grisnicke's ghost]
  4173 | D:5      | HP: 13/57 [poisoned by grisnicke's ghost]
  4443 | D:5      | Reached skill level 8 in Unarmed Combat
  4451 | D:5      | Reached skill level 6 in Fighting
  4712 | D:5      | Found a bloodstained altar of Trog.
  4712 | D:5      | Found a shadowy altar of Dithmenos.
  4762 | D:5      | Found a staircase to the Ecumenical Temple.
  4771 | Temple   | Entered the Ecumenical Temple
  4866 | Temple   | Became a worshipper of Cheibriados the Contemplative
  5307 | D:6      | Reached skill level 4 in Shields
  5691 | D:6      | Reached * piety under Cheibriados
  5691 | D:6      | Reached XP level 9. HP: 63/63 MP: 9/9
  5706 | D:6      | Reached skill level 7 in Fighting
  5817 | D:6      | Reached skill level 5 in Shields
  6035 | D:7      | Reached skill level 9 in Unarmed Combat
  6211 | D:7      | HP: 16/64 [something (6)]
  6212 | D:7      | HP: 7/64 [something (6)]
  6218 | D:7      | HP: 12/64 [something (5)]
  6437 | D:7      | Noticed Menkaure
  6455 | D:7      | Killed Menkaure
  6645 | D:7      | Found a radiant altar of Vehumet.
  6653 | D:7      | Reached skill level 6 in Shields
  6765 | D:7      | HP: 14/64 [hog (4)]
  6766 | D:7      | HP: 3/64 [hog (11)]
  7348 | D:7      | Found a white marble altar of Elyvilon.
  7535 | D:7      | Reached skill level 10 in Unarmed Combat
  7763 | D:7      | Reached skill level 7 in Shields
  8166 | D:7      | Reached ** piety under Cheibriados
  8300 | D:7      | Reached XP level 10. HP: 70/71 MP: 10/10
  8745 | D:8      | Found a hide-covered altar of Uskayaw.
  8831 | D:8      | Reached skill level 8 in Shields
  9230 | D:8      | Reached skill level 11 in Unarmed Combat
  9237 | D:8      | HP: 16/71 [wight/trident of freezing (2)]
  9242 | D:8      | Reached *** piety under Cheibriados
  9562 | D:8      | Learned a level 3 spell: Mephitic Cloud
  9745 | D:9      | Noticed Pikel
  9917 | D:9      | Reached skill level 1 in Air Magic
 10125 | D:9      | Reached skill level 1 in Poison Magic
 10151 | D:9      | Reached skill level 1 in Spellcasting
 10329 | D:9      | Reached skill level 1 in Conjurations
 10340 | D:9      | Reached skill level 2 in Air Magic
 10484 | D:9      | Killed Pikel
 10484 | D:9      | Reached skill level 2 in Spellcasting
 10484 | D:9      | Reached skill level 2 in Poison Magic
 10494 | D:9      | Reached **** piety under Cheibriados
 10508 | D:9      | Reached skill level 2 in Conjurations
 10708 | D:10     | Entered Level 10 of the Dungeon
 10848 | D:10     | Noticed Grum
 10851 | D:10     | Reached skill level 3 in Poison Magic
 10858 | D:10     | Reached skill level 3 in Spellcasting
 10864 | D:10     | HP: 9/71 [Grum/halberd (22)]
 10865 | D:10     | Reached skill level 4 in Poison Magic
 10865 | D:10     | Reached XP level 11. HP: 9/75 MP: 15/15
 10872 | D:10     | Killed Grum
 11181 | D:10     | Reached skill level 4 in Spellcasting
 11466 | D:10     | Found a staircase to the Orcish Mines.
 11496 | D:10     | Reached skill level 5 in Spellcasting
 11639 | D:10     | Reached ***** piety under Cheibriados
 11647 | D:10     | Noticed a two-headed ogre
 11746 | D:10     | Killed a two-headed ogre
 12129 | D:10     | Reached skill level 9 in Shields
 12327 | D:10     | Reached skill level 8 in Fighting
 12661 | D:10     | Found a staircase to the Lair.
 13054 | Orc:1    | Entered Level 1 of the Orcish Mines
 13092 | Orc:1    | Noticed an orc knight
 13302 | Lair:1   | Entered Level 1 of the Lair of Beasts
 13337 | Lair:1   | HP: 16/77 [yak[a torpor snail] (6)]
 13621 | Lair:1   | Reached skill level 12 in Unarmed Combat
 13712 | Lair:1   | Reached XP level 12. HP: 84/84 MP: 19/19
 13716 | Lair:1   | HP: 20/84 [yak (13)]
 13721 | Lair:1   | HP: 5/84 [yak (13)]
 13727 | Lair:1   | HP: 8/84 [yak (2)]
 13728 | Lair:1   | Slain by a yak

Vault maps used:
D:1:      shiori_arrival_elements, serial_park_tiny_pond, minmay_distorted
D:2:      first_bread, minivault_23
D:3:      grunt_temple_overflow_growth_and_decay, marbit_many_paths,
          chequers_ecumenical_altar_lobes
D:4:      hangedman_decor_clover_reticule, nicolae_qazlal_eye_of_the_storm,
          uniq_natasha
D:5:      amethyst_overflow_temple_binary, minmay_temple_entry_poolview,
          interstate_on_off
D:7:      wad_woods_pond, vehumet_statue, basic_altar, grunt_livestock,
          uniq_menkaure
D:8:      basic_altar, st_stairs_13
D:9:      uniq_pikel
D:10:     lair_entry_dummy, zombieorc1_lemuel, serial_co_window_serial,
          co_window_paths_a, co_window_corner_a, co_window_paths_a,
          co_window_of_opportunity_a, co_window_of_opportunity_a,
          co_window_corner_a, co_window_cross_1, co_window_corner_b,
          co_window_paths_c, co_window_2corner, co_window_unsneaky_path_c,
          co_window_broadway_a, co_window_corner_cb, co_window_corner_b,
          glass_columns_a, uniq_grum
Temple:   minmay_temple_bridge_d
Orc:1:    basic_altar, serial_shops

Skill      XL: |  1  2  3  4  5  6  7  8  9 10 11 |
---------------+----------------------------------+-----
Unarmed Combat | 3 4 5 6 7 8 10 11 12 | 12.0
Fighting       | 5 6 7 8 |  8.8
Shields        | 4 7 8 9 |  9.9
Air Magic      | 2 |  2.7
Poison Magic   | 4 |  4.3
Spellcasting   | 3 5 |  5.1
Conjurations   | 2 |  2.3
Dodging        | |  3.0

Action                   |  1- 3 |  4- 6 |  7- 9 | 10-12 || total
-------------------------+-------+-------+-------+-------++-------
Melee: Unarmed           |    83 |    77 |   236 |   383 ||   779
       Constrict         |    28 |    20 |    48 |    67 ||   163
       Tentacles         |    19 |    14 |    46 |   124 ||   203
       Punch             |     1 |     4 |    19 |    61 ||    85
 Cast: Mephitic Cloud    |       |       |       |     5 ||     5
Invok: Bend Time         |       |       |       |     1 ||     1
Evoke: Wand              |       |       |       |     5 ||     5
  Use: Scroll            |     4 |     3 |    10 |     4 ||    21
       Potion            |       |     3 |     5 |     5 ||    13
 Stab: Sleeping          |    13 |     3 |     7 |     8 ||    31
       Distracted        |       |       |       |     2 ||     2
       Confused          |       |       |       |     3 ||     3
       Invisible         |       |       |       |     1 ||     1
  Eat: Chunk             |     1 |     5 |     8 |    14 ||    28
       Bread ration      |       |       |     1 |       ||     1
Armor: Skin              |     4 |     1 |     8 |    10 ||    23
Dodge: Dodged            |    37 |    19 |    73 |   123 ||   252
Block: Shield            |    20 |    25 |    80 |   203 ||   328

Vault maps used:
D:1:      shiori_arrival_elements, serial_park_tiny_pond, minmay_distorted
D:2:      first_bread, minivault_23
D:3:      grunt_temple_overflow_growth_and_decay, marbit_many_paths,
          chequers_ecumenical_altar_lobes
D:4:      hangedman_decor_clover_reticule, nicolae_qazlal_eye_of_the_storm,
          uniq_natasha
D:5:      amethyst_overflow_temple_binary, minmay_temple_entry_poolview,
          interstate_on_off
D:7:      wad_woods_pond, vehumet_statue, basic_altar, grunt_livestock,
          uniq_menkaure
D:8:      basic_altar, st_stairs_13
D:9:      uniq_pikel
D:10:     lair_entry_dummy, zombieorc1_lemuel, serial_co_window_serial,
          co_window_paths_a, co_window_corner_a, co_window_paths_a,
          co_window_of_opportunity_a, co_window_of_opportunity_a,
          co_window_corner_a, co_window_cross_1, co_window_corner_b,
          co_window_paths_c, co_window_2corner, co_window_unsneaky_path_c,
          co_window_broadway_a, co_window_corner_cb, co_window_corner_b,
          glass_columns_a, uniq_grum
Temple:   minmay_temple_bridge_d
Orc:1:    basic_altar, serial_shops

Table legend:
 A = Turns spent in this place as a percentage of turns spent in the entire game.
 B = Non-inter-level travel turns spent in this place as a percentage of non-inter-level travel turns spent in the entire game.
 C = Inter-level travel turns spent in this place as a percentage of turns spent in this place.
 D = Turns resting spent in this place as a percentage of non-inter-level travel turns spent in this place.
 E = Turns spent auto-exploring this place as a percentage of non-inter-level travel turns spent in this place.
 F = Non-inter-level travel turns spent in this place divided by the number of levels of this place that you've seen.
                   A       B       C       D       E      F
               +-------+-------+-------+-------+-------+----------------------
         Total | 100.0 | 100.0 |   0.7 |   4.2 |  10.1 | 244.9
       Dungeon |  94.1 |  94.2 |   0.7 |   4.2 |  10.3 | 299.9
        Temple |   0.4 |   0.3 |  25.0 |   0.0 |  77.8 |   9.0
          Lair |   4.1 |   4.1 |   0.0 |   4.5 |   3.8 | 132.0
  Orcish Mines |   1.4 |   1.4 |   0.0 |   0.0 |   2.3 |  44.0
               +-------+-------+-------+-------+-------+----------------------

Table legend:
 A = Kills in this place as a percentage of kills in entire the game.
 B = Kills by you in this place as a percentage of kills by you in the entire game.
 C = Kills by friends in this place as a percentage of kills by friends in the entire game.
 D = Other kills in this place as a percentage of other kills in the entire game.
 E = Experience gained in this place as a percentage of experience gained in the entire game.
 F = Experience gained in this place divided by the number of levels of this place that you have seen.
                   A       B       C       D       E      F
               +-------+-------+-------+-------+-------+----------------------
         Total | 100.0 | 100.0 |  -nan | 100.0 | 100.0 | 1452.3
       Dungeon |  93.7 |  94.3 |  -nan |  50.0 |  81.6 | 1540.5
          Lair |   4.6 |   4.3 |  -nan |  25.0 |  15.9 | 3011.0
  Orcish Mines |   1.7 |   1.3 |  -nan |  25.0 |   2.5 | 464.0
               +-------+-------+-------+-------+-------+----------------------
